 Dungeon Crawl Stone Soup version 0.25-a0-1024-gbfbf38f2cb (webtiles) character file.

Game seed: 18354524966818525484, levelgen mode: classic

170 Amnesiac the Cutter (level 5, -3/31 HPs)
             Began as a Deep Elf Fighter on May 12, 2020.
             Slain by an orc warrior
             ... wielding a +0 halberd
              (8 damage)
             ... on level 3 of the Dungeon.
             The game lasted 00:05:38 (1924 turns).

Amnesiac the Cutter (Deep Elf Fighter)              Turns: 1924, Time: 00:05:39

Health: -3/31      AC:  6    Str: 14    XL:     5   Next: 25%
Magic:  7/7        EV:  6    Int: 13    God:
Gold:   75         SH:  8    Dex: 14    Spells: 4/4 levels left

rFire    . . .     SeeInvis .   a - +2 hunting sling (vorpal)
rCold    . . .     Gourm    .   c - +0 kite shield
rNeg     . . .     Faith    .   n - +0 scale mail
rPois    .         Spirit   .   (no helmet)
rElec    .         Reflect  .   (no cloak)
rCorr    .         Harm     .   (no gloves)
MR       .....                  (no boots)
Stlth    ..........             (no amulet)
HPRegen  0.10/turn              (no ring)
MPRegen  0.10/turn              (no ring)

@: no status effects
A: no striking features
a: no special abilities


You were on level 3 of the Dungeon.
You were not hungry.

You visited 1 branch of the dungeon, and saw 3 of its levels.

You collected 75 gold pieces.

Inventory:

Hand Weapons
 a - a +2 vorpal hunting sling (weapon)
 b - a +0 rapier
Missiles
 e - 10 sling bullets (quivered)
 p - 44 stones
Armour
 c - a +0 kite shield (worn)
 n - a +0 scale mail (worn)
Jewellery
 r - a +1 ring of protection {unknown}
Scrolls
 j - a scroll of identify {!r, unknown}
 k - 4 scrolls of teleportation {!r, unknown}
 q - a scroll of remove curse {!r}
 u - a scroll of fear {!r, unknown}
Potions
 d - 2 potions of might {!q}
 g - a potion of stabbing {!q, unknown}
 h - a potion of cancellation {!q, unknown}
 i - a potion of brilliance {!q, unknown}
 l - 4 potions of curing {!q}
 m - a potion of heal wounds {!q, unknown}
 o - a potion of mutation {!q, unknown}
 s - 2 potions of haste {!q, unknown}
 t - a potion of flight {!q, unknown}
Comestibles
 f - 6 rations
 v - 2 chunks of flesh


   Skills:
 - Level 2.4 Fighting
 + Level 3.5 Short Blades
 * Level 3.2 Slings
 - Level 2.4 Armour
 - Level 2.4 Shields


You had 4 spell levels left.
You didn't know any spells.
Your spell library was empty.

Dungeon Overview and Level Annotations

Branches:
Dungeon (3/15)

Altars:
Cheibriados
Dithmenos
Gozag
Hepliaklqana
Makhleb
Sif Muna
Yredelemnul

Annotations:
D:1 Sigmund
D:3 1 runed translucent door, Killmatronix's ghost, amateur DgHu


Message History

You shoot a stone.
The stone hits the hound but does no damage.
The hound is moderately wounded.
You block the hound's attack.
Firing (i - inventory. (/) - cycle)
p - 41 stones (quivered)
Press: ? - help, Shift-Dir - straight line, f/p - hound
Aim: a hound (moderately wounded)
You shoot a stone. The stone hits the hound.
The hound is severely wounded.
The hound bites you but does no damage. x2
Firing (i - inventory. (/) - cycle)
p - 40 stones (quivered)
Press: ? - help, Shift-Dir - straight line, f/p - hound
Aim: a hound (severely wounded)
You shoot a stone. The stone hits the hound.
The hound is almost dead.
The hound bites you.
Firing (i - inventory. (/) - cycle)
p - 39 stones (quivered)
Press: ? - help, Shift-Dir - straight line, f/p - hound
Aim: a hound (almost dead)
You shoot a stone. The stone hits the hound!
You kill the hound!
No target in view!
No target in view!
p - 43 stones (gained 5)
You see here a hound corpse.
You butcher the hound corpse.
v - 2 chunks of flesh You see here a hound skeleton.
p - 45 stones (gained 2)
There is an escape hatch in the ceiling here.
There is an escape hatch in the ceiling here.
Key pressed, stopping explore.
Killmatronix's ghost turns its malevolent gaze towards you.
Killmatronix's ghost screams, "Zot is a myth, the ORB is a fable, you'll soon be a tale!"
You see here a hound skeleton.
There is a stone staircase leading up here.
There is a stone staircase leading up here.
There is an escape hatch in the ceiling here.
HP restored.
The orc warrior is too close now for your liking.
Firing (i - inventory. (/) - cycle)
p - 45 stones (quivered)
Press: ? - help, Shift-Dir - straight line, f - orc warrior
Aim: an orc warrior, wielding a +0 halberd and wearing a +0 plate armour (lightly wounded, wandering, hasn't noticed you)
You shoot a stone.
The stone completely misses the orc warrior.
There is an escape hatch in the ceiling here.
Killmatronix's ghost whispers, "It is all a dream - a grotesque and foolish dream."
Quiver which item? (- for none, * to show all) (? for menu, Esc to quit)
Quivering
e - 11 sling bullets for slings.
Firing (i - inventory. (/) - cycle)
e - 11 sling bullets (quivered)
Press: ? - help, Shift-Dir - straight line, f/p - orc warrior
Aim: an orc warrior, wielding a +0 halberd and wearing a +0 plate armour (lightly wounded)
You shoot a sling bullet.
The sling bullet hits the orc warrior but does no damage.
The orc warrior is lightly wounded.
The orc warrior hits you with a +0 halberd!!
Ouch! That really hurt!
* * * LOW HITPOINT WARNING * * *
There is an escape hatch in the ceiling, spattered with blood here.
Really go through this one-way escape hatch?
Okay, then.
Really go through this one-way escape hatch?
The orc warrior hits you with a +0 halberd!
You die...

........#.....#≈≈≈#
#.......#.o...#rW≈#
#...........#.#lrS#
#......##...#.##+##
#...... #...#.#...#
####### #####o##.##
#.##.#####
#(##.....#
#.o@.÷...#
######<####
#.........#
#.####.##.#
#.#.......#
#.#.....#.#
#.#..._...#
#.#.......#
#.#######.#


You could see an orc warrior, Killmatronix's ghost, a river rat and a ball
python.

Vanquished Creatures
  A bullfrog (D:2)
  A hound (D:3)
  3 adders (D:2)
  2 worms (D:2)
  A dart slug (D:1)
  2 leopard geckos
  An orc (D:3)
  A ball python (D:1)
  3 bats
  3 giant cockroaches (D:1)
  3 goblins
  5 hobgoblins
  2 jackals (D:1)
  A quokka (D:3)
  2 frilled lizards
  5 kobolds
  2 rats
38 creatures vanquished.

Notes
Turn   | Place    | Note
-------+----------+-------------------------------------------
     0 | D:1      | Amnesiac the Deep Elf Fighter began the quest for the Orb.
     0 | D:1      | Reached XP level 1. HP: 13/13 MP: 3/3
   172 | D:2      | Found a burning altar of Makhleb.
   172 | D:2      | Found a basalt altar of Yredelemnul.
   177 | D:2      | Found a shadowy altar of Dithmenos.
   180 | D:2      | Found an opulent altar of Gozag.
   182 | D:2      | Found a shimmering blue altar of Sif Muna.
   219 | D:3      | Found a hazy altar of Hepliaklqana.
   219 | D:3      | Found a runed translucent door.
   220 | D:3      | Noticed a hound
   241 | D:2      | Noticed a bullfrog
   267 | D:2      | Found a snail-covered altar of Cheibriados.
   483 | D:1      | Reached XP level 2. HP: 18/18 MP: 4/4
   493 | D:1      | Reached skill level 1 in Slings
   857 | D:2      | Reached XP level 3. HP: 18/22 MP: 5/5
  1085 | D:2      | Killed a bullfrog
  1085 | D:2      | Reached XP level 4. HP: 6/27 MP: 6/6
  1601 | D:2      | Noticed Sigmund
  1793 | D:3      | Reached XP level 5. HP: 31/31 MP: 7/7
  1793 | D:3      | Noticed an orc warrior
  1858 | D:3      | Noticed Killmatronix's ghost (amateur DgHu)
  1924 | D:3      | Slain by an orc warrior

Illustrated notes

Levels and vault maps discovered:
D:1:      giann_bridges, layout_loops_cross
D:2:      minmay_spotlight, layout_rooms, overflow_temple_1_default,
          chequers_temple_overflow_minitemple, first_ration, uniq_sigmund
D:3:      layout_basic, overflow_temple_1_default, ebering_ghost_sewer_f,
          minmay_increasing_density

Skill      XL: |  1  2  3  4 |
---------------+-------------+-----
Slings         | 1 2 3 |  3.2
Short Blades   | 3 |  3.5
Fighting       | |  2.4
Armour         | |  2.4
Shields        | |  2.4

Action                   |  1- 3 |  4- 6 || total
-------------------------+-------+-------++-------
Melee: Rapier            |     2 |       ||     2
 Fire: Hunting sling     |    78 |    52 ||   130
  Use: Scroll            |     2 |       ||     2
       Potion            |       |     1 ||     1
  Eat: Chunk             |       |     3 ||     3
Armor: Ring mail         |     9 |       ||     9
       Scale mail        |    11 |    15 ||    26
Dodge: Dodged            |    22 |     6 ||    28
Block: Kite shield       |    32 |    11 ||    43

Table legend:
 A = Non-vault XP
 B = Vault XP
 C = Vault XP percentage of total XP
 D = Non-vault monster count
 E = Vault monster count
 F = Vault count percentage of total count
                 A         B        C        D         E       F
            +---------+---------+-------+---------+---------+-------
      Total |     233 |      10 |   4.1 |      34 |       4 |  10.5
            +---------+---------+-------+---------+---------+-------
        D:1 |      26 |       0 |   0.0 |      13 |       0 |   0.0
        D:2 |     155 |      10 |   6.1 |      16 |       4 |  20.0
        D:3 |      52 |       0 |   0.0 |       5 |       0 |   0.0
            +---------+---------+-------+---------+---------+-------
